 Dungeon Crawl Stone Soup version 0.30-a0-585-g93115170b9 (webtiles) character file.

Game seed: 11366313906169893722

118 bmack86 the Covered (level 4, 0/41 HPs)
             Began as a Minotaur Fighter on Jan 2, 2023.
             Killed by divine providence
             ... invoked by an orc priest
              (11 damage)
             ... on level 3 of the Dungeon.
             The game lasted 00:05:04 (1356 turns).

bmack86 the Covered (Minotaur Fighter)              Turns: 1356, Time: 00:05:04

Health: 0/41       AC:  7    Str: 23    XL:     4   Next: 72%
Magic:  3/3        EV:  9    Int:  5    God:
Gold:   103        SH:  4    Dex:  9    Spells: 3/3 levels left

rFire   . . .      SeeInvis .    a - +0 war axe
rCold   . . .      Faith    .    c - +0 buckler
rNeg    . . .      Spirit   .    b - +0 scale mail
rPois   .          Reflect  .    (helmet restricted)
rElec   .          Harm     .    (no cloak)
rCorr   .          Rampage  .    (no gloves)
Will    .....                    (no boots) Stlth
                                 (no amulet)
HPRegen 0.26/turn                (no ring)
MPRegen 0.08/turn                (no ring)

@: no status effects
A: horns 2, retaliatory headbutt
a: no special abilities


You were on level 3 of the Dungeon.
You visited 1 branch of the dungeon, and saw 3 of its levels.

You collected 103 gold pieces.

Inventory:

Hand Weapons
 a - a +0 war axe (weapon)
Missiles
 i - 11 poisoned darts (quivered)
Armour
 b - a +0 scale mail (worn)
 c - a +0 buckler (worn)
Scrolls
 e - a scroll of brand weapon {unknown}
 h - 2 scrolls of fog
 k - a scroll of poison {unknown}
Potions
 d - 2 potions of might
 f - a potion of heal wounds
 g - 2 potions of lignification
 j - 2 potions of flight {unknown}


   Skills:
 + Level 4.3 Fighting
 * Level 4.0 Axes
 + Level 0.9 Throwing
 + Level 4.4 Armour
 + Level 4.3 Shields


You had 3 spell levels left.
You didn't know any spells.
Your spell library contained the following spells:

 Spells                   Type           Power      Damage    Failure   Level
 Slow                     Hex            0%         N/A       86%         1
 Confusing Touch          Hex            0%         N/A       99%         3
 Vampiric Draining        Necr           0%         2d6       99%         3


Dungeon Overview and Level Annotations

Branches:
Dungeon (3/15)

Altars:
Yredelemnul


Innate Abilities, Weirdness & Mutations

You have a pair of horns on your head.
You reflexively headbutt those who attack you in melee.


Message History

The gnoll hits you with a +0 whip.
You hit the gnoll.
The gnoll is almost dead.
The gnoll barely misses you.
You slash the gnoll!
You kill the gnoll!
You hit the hobgoblin. You block the hobgoblin's attack. x2
The hobgoblin barely misses you.
Items here: ))) †.
The hobgoblin hits you. The hobgoblin barely misses you.
You barely miss the hobgoblin.
The hobgoblin is moderately wounded.
The hobgoblin hits you.
You barely miss the hobgoblin. You headbutt the hobgoblin.
You kill the hobgoblin!
An orc comes into view. It is wielding a +0 whip.
The orc shouts!
An orc comes into view.
It is wielding a +1 dagger of protection.
The orc shouts! 2 orcs come into view.
The orc shouts! x2; You hear a shout!
The orc barely misses you. You furiously retaliate!
You headbutt the orc. You slash the orc!
You kill the orc!
An orc priest comes into view. It is wielding a +0 flail.
Your Axes skill increases to level 4!
You hit the orc. Your headbutt misses the orc.
The orc is lightly wounded.
The orc hits you with a +1 dagger of protection.
You hit the orc.
You kill the orc!
You slash the orc!
You kill the orc!
You hit the orc but do no damage. The orc hits you with a +0 mace.
* * * LOW HITPOINT WARNING * * *
The orc hits you but does no damage.
The orc priest calls down the wrath of Beogh upon you.
Beogh smites you!
You die...

########## .........# ######
......?.# #....#
.......##########....#
#............##....# ##
#............##....# ..
#.......@....##....# ..
#).....$oo...##....####.#
...####.)...........#..>.......
............[.#####.........#..
.#######'######..........#.....
###.## #..........#.#...
#....#####..##.##...#.#.#.
#....#...#..#...#...#.#...
#....#.#......_.......####


You could see an orc priest and an orc.

Vanquished Creatures
  5 gnolls
  3 dart slugs
  3 orcs (D:3)
  6 ball pythons
  4 bats
  8 endoplasms
  3 giant cockroaches
  7 goblins
  3 hobgoblins
  4 jackals (D:1)
  2 quokkas (D:1)
  A frilled lizard (D:1)
  A kobold (D:1)
  8 rats
58 creatures vanquished.

Notes
Turn   | Place    | Note
-------+----------+-------------------------------------------
     0 | D:1      | bmack86 the Minotaur Fighter began the quest for the Orb.
     0 | D:1      | Reached XP level 1. HP: 19/19 MP: 0/0
    29 | D:1      | Reached XP level 2. HP: 3/27 MP: 1/1
   273 | D:1      | Reached XP level 3. HP: 33/33 MP: 2/2
  1112 | D:2      | Found a basalt altar of Yredelemnul.
  1118 | D:2      | Reached XP level 4. HP: 40/40 MP: 3/3
  1295 | D:3      | Found a basalt altar of Yredelemnul.
  1356 | D:3      | Killed from afar by an orc priest

Illustrated notes

Levels and vault maps discovered:
D:1:      onia_arrival_handbag, layout_basic, minmay_pentomino_q4
D:2:      layout_basic, basic_altar, small_statue_intersection
D:3:      layout_basic, nicolae_overflow_crystal_walls, kennysheep_nondescript,
          minmay_rat_hole

Skill      XL: |  1  2  3  4 |
---------------+-------------+-----
Axes           | 3 4 |  4.0
Armour         | 4 |  4.4
Shields        | 4 |  4.3
Fighting       | 4 |  4.3
Throwing       | |  0.9

Action                   |  1- 3 |  4- 6 || total
-------------------------+-------+-------++-------
Melee: War axe           |    72 |    20 ||    92
       Headbutt          |     8 |     2 ||    10
Throw: Dart              |     4 |       ||     4
  Use: Scroll            |     3 |     2 ||     5
Armor: Scale mail        |    43 |     5 ||    48
Dodge: Dodged            |    58 |    11 ||    69
Block: Buckler           |    28 |     4 ||    32

Table legend: (Time is in decaauts)
 A = Elapsed time spent in this place.
 B = Non-inter-level travel time spent in this place.
 C = Inter-level travel time spent in this place.
 D = Time resting spent in this place.
 E = Time spent auto-exploring this place.
 F = Levels seen in this place.
 G = Mean time per level.
                   A        B        C        D        E       F      G
               +--------+--------+--------+--------+--------+-----+--------+
         Total |   1390 |   1344 |     46 |     94 |    770 |   3 |  463.3 |
       Dungeon |   1390 |   1344 |     46 |     94 |    770 |   3 |  463.3 |
               +--------+--------+--------+--------+--------+-----+--------+

Top non-repeatable levels by time:
     D:1: 806 daAuts
     D:2: 480 daAuts
     D:3: 102 daAuts
